 Dungeon Crawl Stone Soup version 0.30-a0-367-g839099abd5 (webtiles) character file.

Game seed: 4731290406332650802

20384 Bnni the Impaler (level 13, 0/106 HPs)
             Began as a Formicid Fighter on Nov 17, 2022.
             Was an Initiate of Yredelemnul.
             Slain by a sixfirhy (12 damage)
             ... in a Gauntlet on Nov 18, 2022.
             The game lasted 00:22:28 (12229 turns).

Bnni the Impaler (Formicid Fighter)                Turns: 12229, Time: 00:22:30

Health: 0/106      AC: 14    Str: 25    XL:     13   Next: 11%
Magic:  28/28      EV:  9    Int:  9    God:    Yredelemnul [......]
Gold:   246        SH:  5    Dex: 13    Spells: 12/12 levels left

rFire   + . .      SeeInvis +    h - +0 halberd
rCold   + . .      Faith    .    c - +0 buckler
rNeg    + . .      Spirit   .    m - +6 scale mail of the Exiled Nightmares {rPois rN+ Will+ MP+9}
rPois   +          Reflect  .    (helmet unavailable)
rElec   .          Harm     .    u - scarf {rC+ rF+}
rCorr   +          Rampage  .    J - +0 pair of gloves
Will    ++...                    (no boots)
Stlth   ..........               (no amulet)
HPRegen 0.37/turn                L - ring of resist corrosion
MPRegen 0.21/turn                (no ring)

@: studying Poison Magic, invisible
A: permanent stasis, dig shafts and tunnels, antennae 3, four strong arms
a: Dig, Renounce Religion, Recall Undead Harvest


You were in a Gauntlet.
You worshipped Yredelemnul.
Yredelemnul was aware of your devotion.
You visited 2 branches of the dungeon, and saw 12 of its levels.
You also visited: Sewer, Ossuary and Gauntlet.

You collected 511 gold pieces.
You spent 265 gold pieces at shops.

Inventory:

Hand Weapons
 a - a +0 trident
 h - a +0 halberd (weapon)
 l - a +0 spear of venom
 M - a +0 battleaxe of venom
Missiles
 e - 2 curare-tipped darts (quivered)
 G - 13 boomerangs
 O - 8 poisoned darts
Armour
 c - a +0 buckler (worn)
 m - the +6 scale mail of the Exiled Nightmares (worn) {rPois rN+ Will+ MP+9}
   (You found it on level 2 of the Dungeon)

   rPois:     It protects you from poison.
   rN:        It protects you from negative energy.
   MP:        It affects your magic capacity (+9).
   Will:      It increases your willpower.
 u - a scarf of resistance (worn)
 J - a +0 pair of gloves (worn)
Jewellery
 E - a ring of fire
 L - a ring of resist corrosion (left hand)
 N - a ring of fire
Wands
 p - a wand of charming (22)
 H - a wand of acid (15)
Scrolls
 f - a scroll of summoning {unknown}
 i - 4 scrolls of vulnerability
 n - 3 scrolls of enchant weapon
 o - 3 scrolls of enchant armour
 r - 2 scrolls of acquirement {unknown}
 s - 2 scrolls of blinking {unknown}
 t - a scroll of noise {unknown}
 y - 2 scrolls of fear {unknown}
 z - a scroll of amnesia
 B - a scroll of silence {unknown}
 C - 2 scrolls of immolation {unknown}
 F - 3 scrolls of poison {unknown}
Potions
 b - 3 potions of magic
 d - 3 potions of might
 g - 4 potions of haste {unknown}
 j - 2 potions of invisibility
 k - a potion of lignification
 q - 6 potions of flight {unknown}
 v - 3 potions of cancellation
 w - 4 potions of heal wounds {unknown}
 x - 4 potions of mutation
 A - 2 potions of ambrosia
 D - 2 potions of brilliance
 I - a potion of curing
 K - a potion of attraction


   Skills:
 + Level 11.5 Fighting
 * Level 17.1 Polearms
 - Level 3.2 Armour
 - Level 5.0 Shields
 + Level 8.0 Invocations


You had 12 spell levels left.
You didn't know any spells.
Your spell library contained the following spells:

 Spells                   Type           Power      Damage    Failure   Level
 Magic Dart               Conj           0%         1d3       75%         1
 Necrotise                Necr           0%         1d4       75%         1
 Call Imp                 Summ           0%         N/A       86%         2
 Ensorcelled Hibernation  Hex/Ice        0%         N/A       86%         2
 Momentum Strike          Conj/Tloc      0%         3d8       86%         2
 Passwall                 Tmut/Erth      0%         N/A       86%         2
 Call Canine Familiar     Summ           0%         N/A       98%         3
 Dazzling Flash           Conj/Hex       0%         N/A       98%         3
 Lesser Beckoning         Tloc           0%         N/A       98%         3
 Mephitic Cloud           Conj/Pois/Air  0%         N/A       98%         3
 Ozocubu's Armour         Ice            0%         N/A       98%         3
 Portal Projectile        Hex/Tloc       0%         N/A       98%         3
 Vampiric Draining        Necr           0%         2d6       98%         3
 Airstrike                Air            0%         2d(0-16)  100%        4
 Leda's Liquefaction      Hex/Erth       0%         N/A       100%        4
 Summon Lightning Spire   Summ/Air       0%         N/A       100%        4
 Agony                    Necr           0%         N/A       100%        5
 Lightning Bolt           Conj/Air       0%         1d11      100%        5
 Silence                  Hex/Air        0%         N/A       100%        5
 Ozocubu's Refrigeration  Ice            0%         4d7       100%        7
 Blink                    Tloc           Unusable   N/A       N/A         2
 Swiftness                Air            Unusable   N/A       N/A         3

Dungeon Overview and Level Annotations

Branches:
Dungeon (11/15)            Temple (1/1) D:6            Lair (0/5) D:8
  Sewer (visited)         Ossuary (visited)         Gauntlet (1/1)
    Orc: D:9-12

Altars:
Ashenzari
Cheibriados
Dithmenos
Elyvilon
Fedhas
Gozag
Hepliaklqana
Kikubaaqudgha
Makhleb
Nemelex Xobeh
Okawaru
Qazlal
Ru
Sif Muna
Trog
Uskayaw
Vehumet
Wu Jian
Xom
Yredelemnul
Zin
The Shining One

Shops:
D:5 (   D:6 *   D:8 *   D:10 ?

Annotations:
Gauntlet 5 transporters, 1 runed translucent door


Innate Abilities, Weirdness & Mutations

You cannot be hasted, slowed, berserked, paralysed or teleported.
You can dig through walls and to a lower floor.
You have a pair of large antennae on your head. (SInv)
Your four strong arms can wield two-handed weapons with a shield.


Message History

Aim: a sixfirhy (unable to see you, about 64% to evade your +0 halberd)
You reach to attack!
You miss the sixfirhy.
The sixfirhy fails to trigger a net trap.
The sixfirhy misses you.
The sixfirhy hits you but does no damage.
Reach: h) +0 halberd
Press: ? - help, Dir - move target, f/p - sixfirhy
Aim: a sixfirhy (unable to see you, about 64% to evade your +0 halberd)
You puncture the sixfirhy!
The sixfirhy is moderately wounded.
You block the sixfirhy's attack. The sixfirhy barely misses you. x2
You closely miss the sixfirhy.
The sixfirhy is moderately wounded.
The sixfirhy closely misses you. The sixfirhy hits you!
The sixfirhy shocks you!
* * * LOW HITPOINT WARNING * * *
You hit the sixfirhy but do no damage.
The sixfirhy is moderately wounded.
Unknown command.
You closely miss the sixfirhy.
The sixfirhy is moderately wounded.
You catch the helpless sixfirhy completely off-guard!
You impale the sixfirhy!!
The sixfirhy is almost dead.
You barely miss the sixfirhy.
The sixfirhy is almost dead.
The sixfirhy hits you.
* * * LOW HITPOINT WARNING * * *
The sixfirhy shocks you!
* * * LOW HITPOINT WARNING * * *
You block the sixfirhy's attack. x2
You closely miss the sixfirhy.
The sixfirhy is almost dead.
The sixfirhy closely misses you.
The sixfirhy hits you but does no damage.
The sixfirhy hits you.
* * * LOW HITPOINT WARNING * * *
The sixfirhy shocks you!
You die...
Your body rises from the dead as a mindless zombie.

##≈....#©..8#.≈##
##..8.#...©#.##
##≈....#©..8#.≈##
#≈≈.#########.≈≈#
##≈.#.##....#.≈##
##.#..##^.##.##
##≈.#.^.#.###.≈##
#≈≈.#©##.##.#.≈≈#
##≈.###.#@3.#.≈##
##.##?^##..#.##
##≈.#..[©##.#.≈##
#≈≈.#########.≈≈#
##≈...........≈##
##...........##
#≈...........≈#
#≈≈≈#≈≈≈#≈≈≈#≈≈≈#
##≈###≈###≈###≈##


You could see a sixfirhy (unable to see you).

Vanquished Creatures
  Gastronok (D:9)
  Harold (D:9)
  2 two-headed ogres (D:9)
  A soul eater (Gauntlet)
  2 sixfirhies (Gauntlet)
  Pikel (D:5)
  A gargoyle (D:10)
  A large abomination (Gauntlet)
  Psyche (D:9)
  5 slime creatures
  A vampire (D:10)
  15 flying skulls (Gauntlet)
  2 wraiths (D:11)
  A wyvern (D:9)
  6 yaks
  2 steam dragons
  2 acid dragons
  3 water moccasins
  Pargi (Sewer)
  3 small abominations (Gauntlet)
  2 sky beasts (D:7)
  3 orc warriors
  2 ogres
  2 centaurs (D:8)
  A phantom (D:6)
  A kobold brigand (D:10)
  An elf zombie (Ossuary)
  3 bullfrogs
  A gnoll sergeant (D:7)
  3 scorpions
  2 necrophages
  5 wights (D:6)
  13 killer bees
  2 howler monkeys (D:6)
  5 jellies
  A centaur zombie (Ossuary)
  8 orc priests
  5 hounds
  Terence (D:3)
  3 iguanas
  7 orc wizards
  2 mummies (Ossuary)
  11 adders
  4 shadow imps (Gauntlet)
  An ufetubus (D:4)
  3 adder zombies (Ossuary)
  A dart slug (D:3)
  28 orcs
  10 ball pythons
  3 bat skeletons (D:8)
  2 bat zombies (D:8)
  6 endoplasms
  6 giant cockroaches
  5 goblins
  5 hobgoblins
  5 quokkas
  3 training dummies (D:5)
  4 bats
  7 frilled lizards
  2 goblin zombies (Ossuary)
  6 hobgoblin zombies (Ossuary)
  A jackal zombie (Ossuary)
  11 kobolds
  13 kobold zombies (Ossuary)
  9 orc zombies (Ossuary)
  5 rats
  A rat zombie (Ossuary)
277 creatures vanquished.

Vanquished Creatures (collateral kills)
  A slime creature (D:11)
  5 yaks
  A water moccasin (D:8)
  2 centaurs
  A vampire bat (D:8)
  A hound (D:5)
  An iguana (D:7)
  An orc wizard (D:11)
  A shadow imp (D:6)
  A dart slug (D:5)
  4 orcs
  A bat skeleton (D:8)
20 creatures vanquished.

Vanquished Creatures (others)
  2 slime creature zombies (Gauntlet)
  An ogre (D:5)
  A bullfrog zombie (D:8)
  A centaur zombie (D:8)
  A steam dragon zombie (D:7)
  2 jelly zombies (Gauntlet)
  9 orc zombies
17 creatures vanquished.

Grand Total: 314 creatures vanquished

Notes
Turn   | Place    | Note
-------+----------+-------------------------------------------
     0 | D:1      | Bnni the Formicid Fighter began the quest for the Orb.
     0 | D:1      | Reached XP level 1. HP: 18/18 MP: 1/1
   143 | D:1      | Reached XP level 2. HP: 23/24 MP: 2/2
   532 | D:1      | Reached XP level 3. HP: 29/29 MP: 3/3
   624 | D:2      | Found a white marble altar of Elyvilon.
   759 | D:2      | Identified the +6 scale mail of the Exiled Nightmares
                  | {rPois rN+ Will+ MP+9}
  1188 | D:2      | Found a faded altar of an unknown god.
  1715 | D:3      | Reached XP level 4. HP: 37/37 MP: 4/4
  1722 | D:3      | Reached skill level 3 in Polearms
  1722 | D:3      | Reached skill level 5 in Shields
  1948 | D:3      | Noticed Terence
  1959 | D:3      | Killed Terence
  2218 | D:3      | Reached XP level 5. HP: 42/42 MP: 5/5
  2612 | D:4      | Reached skill level 4 in Polearms
  2705 | D:4      | Found a broken altar of Ashenzari.
  2725 | D:4      | Reached XP level 6. HP: 18/49 MP: 6/6
  2982 | D:4      | Found a glowing drain.
  2991 | Sewer    | Entered a sewer
  3066 | Sewer    | Noticed Pargi
  3093 | Sewer    | Killed Pargi
  3094 | Sewer    | Reached skill level 5 in Fighting
  3094 | Sewer    | Reached skill level 5 in Polearms
  3232 | D:4      | Reached XP level 7. HP: 52/56 MP: 7/7
  3470 | D:4      | Found an opulent altar of Gozag.
  3473 | D:4      | Found a shimmering blue altar of Sif Muna.
  3971 | D:5      | Entered Level 5 of the Dungeon
  3991 | D:5      | Reached skill level 6 in Polearms
  4012 | D:5      | Found a sand-covered staircase.
  4022 | Ossuary  | Entered an ossuary
  4268 | Ossuary  | Reached XP level 8. HP: 43/64 MP: 8/8
  4433 | D:5      | Noticed a yak
  4446 | D:5      | Noticed a yak
  4447 | D:5      | Killed a yak
  4448 | D:5      | Reached skill level 7 in Polearms
  4451 | D:5      | Noticed a yak
  4453 | D:5      | Killed a yak
  4477 | D:5      | Killed a yak
  4478 | D:5      | Reached skill level 8 in Polearms
  4531 | D:5      | Found Vumpac's Firing Range.
  4535 | D:5      | Bought 2 curare-tipped darts for 18 gold pieces
  4634 | D:5      | Reached XP level 9. HP: 70/72 MP: 9/9
  4819 | D:5      | Noticed Pikel
  4840 | D:5      | Killed Pikel
  4841 | D:5      | Reached skill level 9 in Polearms
  5468 | D:6      | Reached skill level 10 in Polearms
  5730 | D:6      | Found a staircase to the Ecumenical Temple.
  5741 | Temple   | Entered the Ecumenical Temple
  5938 | Temple   | Became a worshipper of Yredelemnul the Dark
  6017 | D:6      | Reached XP level 10. HP: 22/82 MP: 10/10
  6025 | D:6      | Reached * piety under Yredelemnul
  6252 | D:6      | Found Joxim's Assorted Antiques.
  6260 | D:6      | Bought a silvery potion for 25 gold pieces
  6260 | D:6      | Bought a scroll labelled VEXUVVOYCRY for 28 gold pieces
  6455 | D:7      | Reached skill level 11 in Polearms
  6455 | D:7      | Reached skill level 1 in Invocations
  7038 | D:7      | Reached skill level 15 in Polearms
  7038 | D:7      | Reached XP level 11. HP: 89/89 MP: 13/13
  7121 | D:7      | Identified the +1 ring mail "Pyisigif" {Stlth+}
  7642 | D:8      | Found Cuptoat's Serpentskin Sales.
  7762 | D:8      | Found an ornate altar of the Wu Jian Council.
  7845 | D:8      | Reached ** piety under Yredelemnul
  7856 | D:8      | Reached *** piety under Yredelemnul
  8481 | D:8      | Found an ancient bone altar of Kikubaaqudgha.
  8513 | D:8      | Found a staircase to the Lair.
  8658 | D:9      | Noticed Gastronok
  8697 | D:9      | Killed Gastronok
  8698 | D:9      | Reached skill level 10 in Fighting
  9047 | D:9      | Noticed Psyche
  9065 | D:9      | Killed Psyche
  9066 | D:9      | Reached skill level 5 in Invocations
  9066 | D:9      | Reached XP level 12. HP: 85/97 MP: 15/15
  9150 | D:9      | Noticed a two-headed ogre
  9150 | D:9      | Noticed a two-headed ogre
  9162 | D:9      | Killed a two-headed ogre
  9174 | D:9      | Killed a two-headed ogre
  9175 | D:9      | Reached skill level 16 in Polearms
  9368 | D:9      | Noticed Harold
  9381 | D:9      | Killed Harold
  9582 | D:9      | Found a sparkling altar of Nemelex Xobeh.
  9696 | D:9      | Reached **** piety under Yredelemnul
  9703 | D:9      | Found a white marble altar of Elyvilon.
  9778 | D:10     | Entered Level 10 of the Dungeon
  9856 | D:10     | Found Diwim's Magic Scroll Emporium.
  9875 | D:10     | Bought a scroll of enchant weapon for 97 gold pieces
  9875 | D:10     | Bought a scroll of enchant armour for 97 gold pieces
 11161 | D:11     | Found a gate leading to a gauntlet.
 11171 | Gauntlet | Entered a Gauntlet
 11171 | Gauntlet | Noticed a soul eater
 11171 | Gauntlet | Found a transporter.
 11179 | Gauntlet | Found a transporter.
 11181 | Gauntlet | Found a transporter.
 11182 | Gauntlet | Found a transporter.
 11190 | Gauntlet | Found a transporter.
 11193 | Gauntlet | Found a transporter.
 11194 | Gauntlet | Found a transporter.
 11198 | Gauntlet | Found a runed translucent door.
 11200 | Gauntlet | Found a runed translucent door.
 11202 | Gauntlet | Found a transporter.
 11205 | Gauntlet | Found a transporter.
 11206 | Gauntlet | Found a transporter.
 11217 | Gauntlet | Found a transporter.
 11217 | Gauntlet | Found a transporter.
 11218 | Gauntlet | Found a transporter.
 11222 | Gauntlet | Noticed a sixfirhy
 11224 | Gauntlet | Noticed a sixfirhy
 11225 | Gauntlet | Noticed a sixfirhy
 11227 | Gauntlet | Found a transporter.
 11340 | Gauntlet | Killed a soul eater
 12181 | Gauntlet | Reached XP level 13. HP: 92/106 MP: 18/18
 12184 | Gauntlet | Reached skill level 17 in Polearms
 12229 | Gauntlet | Slain by a sixfirhy

Illustrated notes

Levels and vault maps discovered:
D:1:      dpeg_arrival_concentric_ovals, layout_basic
D:2:      layout_basic, shapermc_ecumenical_altar_hornbeckon, basic_altar
D:3:      layout_loops_corners, uniq_terence
D:4:      layout_loops_ring, ashenzari_conservatory_becter,
          nicolae_overflow_squiral, portal_sewer_entry_f
D:5:      layout_cave_pods, nicolae_ossuary_entry_ruins,
          nicolae_shop_firing_range, uniq_pikel
D:6:      layout_rooms, minmay_temple_entry_statues_fountains,
          kennysheep_small_square
D:7:      layout_loops_cross, minmay_manual_monstrance
D:8:      layout_basic, kennysheep_vampire_church,
          nicolae_wu_jian_immortal_techniques, grunt_ministairs_15,
          guppyfry_shop_venom
D:9:      layout_roguey, elyvilon_altar_5, mainiacjoe_overflow_cross_hatched,
          uniq_psyche, uniq_harold, uniq_gastronok
D:10:     layout_loops_ring, serial_shops, nicolae_shop_stone
D:11:     layout_layer_cave, gauntlet_entry_generic, serial_shops,
          nicolae_inconvenience_store, cheibrodos_worm_habitat
Temple:   regret_index_temple_generic_petals
Gauntlet: gammafunk_gauntlet_77_escape_option
          [minmay_gauntlet_arena_77_tiled_triplets,
          minmay_gauntlet_arena_77_broken_ladder,
          minmay_gauntlet_arena_77_cramped,
          minmay_gauntlet_arena_77_double_cross, minmay_gauntlet_arena_77_fan,
          gauntlet_exit_hidden_loot]

Skill      XL: |  1  2  3  4  5  6  7  8  9 10 11 12 13 |
---------------+----------------------------------------+-----
Polearms       | 3 4 5 6 8 10 15 16 17 | 17.1
Shields        | 5 |  5.0
Fighting       | 4 5 6 7 8 9 10 11 | 11.5
Invocations    | 2 5 7 8 |  8.0
Armour         | |  3.2

Action                   |  1- 3 |  4- 6 |  7- 9 | 10-12 | 13-15 || total
-------------------------+-------+-------+-------+-------+-------++-------
Melee: Trident           |   118 |   148 |   416 |    86 |       ||   768
       Spear             |       |       |       |   297 |       ||   297
       Halberd           |       |       |       |   250 |    27 ||   277
       Battleaxe         |       |       |       |     8 |       ||     8
Throw: Dart              |       |       |     2 |       |       ||     2
       Throwing net      |       |       |       |     1 |       ||     1
 Abil: Dig               |       |       |     1 |       |       ||     1
Evoke: Wand              |       |       |     5 |       |       ||     5
  Use: Scroll            |       |       |     7 |     6 |       ||    13
       Potion            |       |       |     1 |     6 |     1 ||     8
 Stab: Distracted        |       |       |     1 |     2 |       ||     3
       Held in net/web   |       |       |       |     1 |       ||     1
       Invisible         |       |       |       |    11 |     6 ||    17
Armor: Scale mail        |    42 |    84 |   158 |   153 |    14 ||   451
       Skin              |       |       |       |     6 |       ||     6
Dodge: Dodged            |    40 |    88 |   152 |   157 |    13 ||   450
Block: Buckler           |    18 |    46 |    75 |    79 |     6 ||   224

Table legend: (Time is in decaauts)
 A = Elapsed time spent in this place.
 B = Non-inter-level travel time spent in this place.
 C = Inter-level travel time spent in this place.
 D = Time resting spent in this place.
 E = Time spent auto-exploring this place.
 F = Levels seen in this place.
 G = Mean time per level.
                   A        B        C        D        E       F      G
               +--------+--------+--------+--------+--------+-----+--------+
         Total |  12050 |  11800 |    250 |   1231 |   8271 |  15 |  803.3 |
       Dungeon |  10161 |   9936 |    225 |    582 |   7627 |  11 |  923.7 |
        Temple |    223 |    198 |     25 |      0 |    186 |   1 |  223.0 |
         Sewer |    276 |    276 |      0 |      0 |    199 |   1 |  276.0 |
       Ossuary |    372 |    372 |      0 |      0 |    164 |   1 |  372.0 |
      Gauntlet |   1015 |   1015 |      0 |    649 |     94 |   1 | 1015.0 |
               +--------+--------+--------+--------+--------+-----+--------+

Top non-repeatable levels by time:
     D:4: 1181 daAuts
     D:8: 1172 daAuts
     D:5: 1137 daAuts
     D:2: 1092 daAuts
     D:9: 1056 daAuts
Gauntlet: 1015 daAuts
    D:10: 996 daAuts
     D:7: 968 daAuts
     D:3: 929 daAuts
     D:6: 670 daAuts
     D:1: 585 daAuts
 Ossuary: 372 daAuts
    D:11: 370 daAuts
   Sewer: 276 daAuts
  Temple: 223 daAuts
